 Dungeon Crawl Stone Soup version 0.29-a0-82-g837932c90e (webtiles) character file.

Game seed: 14157179512046862558

52 HallandMoats the Ruffian (level 3, -2/33 HPs)
             Began as a Ghoul Monk on Feb 5, 2022.
             Was a Believer of Makhleb.
             Slain by a scorpion (8 damage)
             ... on level 3 of the Dungeon.
             The game lasted 00:02:10 (2089 turns).

HallandMoats the Ruffian (Ghoul Monk)               Turns: 2089, Time: 00:02:10

Health: -2/33      AC:  6    Str: 16    XL:     3   Next: 85%
Magic:  2/2        EV: 11    Int:  5    God:    Makhleb [**....]
Gold:   167        SH:  0    Dex: 11    Spells: 2/2 levels left

rFire   . . .      SeeInvis .     - Unarmed
rCold   + . .      Faith    .   (no shield)
rNeg    + + +      Spirit   .   c - +0 ring mail
rPois   ∞          Reflect  .   (no helmet)
rElec   .          Harm     .   g - +0 cloak
rCorr   .          Rampage  .   (no gloves)
Will    .....                   (no boots)
Stlth   +.........              (no amulet)
HPRegen 0.00/turn               (no ring)
MPRegen 0.08/turn               (no ring)

@: inhibited regen
A: claws 1, cold resistance 1, negative energy resistance 3, inhibited
regeneration, torment resistance 2
a: Renounce Religion, Minor Destruction


You were on level 3 of the Dungeon.
You worshipped Makhleb.
Makhleb was pleased with you.
You visited 1 branch of the dungeon, and saw 3 of its levels.

You collected 167 gold pieces.

Inventory:

Armour
 c - a +0 ring mail (worn)
 g - a +0 cloak (worn)
Scrolls
 b - a scroll of torment {unknown}
 e - 2 scrolls of fog {unknown}
 h - a scroll of enchant armour {unknown}
 i - a scroll of immolation {unknown}
Potions
 a - a potion of lignification {unknown}
 d - a potion of heal wounds {unknown}
 f - a potion of ambrosia {unknown}
 j - a potion of curing {unknown}


   Skills:
 * Level 3.9 Fighting
 + Level 1.0 Armour
 + Level 3.0 Dodging
 - Level 2.1 Stealth
 * Level 4.0 Unarmed Combat


You had 2 spell levels left.
You didn't know any spells.
Your spell library was empty.

Dungeon Overview and Level Annotations

Branches:
Dungeon (3/15)

Altars:
Makhleb
Sif Muna


Innate Abilities, Weirdness & Mutations

You thrive by killing the living.
You are immune to poison.
You have sharp fingernails.
Your flesh is cold resistant. (rC+)
You are immune to negative energy. (rN+++)
You do not regenerate when monsters are visible.
You are immune to unholy pain and torment.


Message History

The scorpion stings you. The scorpion barely misses you.
You are too injured to fight recklessly!
You are too injured to fight recklessly!
You are too injured to fight recklessly!
You are too injured to fight recklessly!
You are too injured to fight recklessly!
You are too injured to fight recklessly!
You are too injured to fight recklessly!
You are too injured to fight recklessly!
You are too injured to fight recklessly!
You are too injured to fight recklessly!
You are too injured to fight recklessly!
You are too injured to fight recklessly!
You are too injured to fight recklessly!
You are too injured to fight recklessly!
You are too injured to fight recklessly!
You are too injured to fight recklessly!
You are too injured to fight recklessly!
You are too injured to fight recklessly!
You are too injured to fight recklessly!
You scratch the scorpion.
The scorpion is heavily wounded.
The scorpion stings you.
You scratch the scorpion but do no damage.
The scorpion is heavily wounded.
The scorpion completely misses you.
You scratch the scorpion but do no damage.
The scorpion is heavily wounded.
The scorpion stings you.
You closely miss the scorpion. Your claw misses the scorpion.
The scorpion is heavily wounded.
The scorpion closely misses you.
You scratch the scorpion but do no damage.
The scorpion is heavily wounded.
The scorpion stings you.
* * * LOW HITPOINT WARNING * * *
You scratch the scorpion but do no damage.
The scorpion is heavily wounded.
The scorpion stings you!
You die...

##.######........
#.# ######### #.#
# #.# .# #.# $#
#.# #.# #.# ..#
#.#############s#
#.............@.#
#################


You could see a scorpion.

Vanquished Creatures
  3 dart slugs (D:2)
  6 endoplasms
  A giant cockroach (D:1)
  7 goblins
  3 hobgoblins
  A quokka (D:1)
  6 ball pythons
  5 bats
  4 kobolds
  6 rats (D:1)
42 creatures vanquished.

Notes
Turn   | Place    | Note
-------+----------+-------------------------------------------
     0 | D:1      | HallandMoats the Ghoul Monk began the quest for the Orb.
     0 | D:1      | Reached XP level 1. HP: 19/19 MP: 0/0
   138 | D:1      | Reached XP level 2. HP: 21/26 MP: 1/1
   750 | D:1      | Reached XP level 3. HP: 30/33 MP: 2/2
  1172 | D:2      | Found a faded altar of an unknown god.
  1359 | D:2      | Found a shimmering blue altar of Sif Muna.
  1394 | D:2      | Reached skill level 1 in Armour
  1394 | D:2      | Reached skill level 4 in Unarmed Combat
  1876 | D:2      | Prayed at the altar of an unknown god.
  1876 | D:2      | Became a worshipper of Makhleb the Destroyer
  1876 | D:2      | Reached * piety under Makhleb
  1876 | D:2      | Reached ** piety under Makhleb
  2072 | D:3      | Noticed a scorpion
  2089 | D:3      | Slain by a scorpion

Illustrated notes

Levels and vault maps discovered:
D:1:      onia_arrival_handbag, layout_basic, serial_bayou_pond_a,
          minmay_quantized
D:2:      layout_loops_ring, basic_altar, shapermc_ecumenical_altar_venn
D:3:      minmay_razor_zed, layout_loops_ring, serial_co_window_serial,
          co_window_paths_a, co_window_paths_a, co_window_paths_a,
          co_window_corner_a, co_window_of_opportunity_a, co_window_corner_cb,
          co_window_corner_b, co_window_2corner, co_window_of_opportunity_c,
          co_window_unsneaky_path_e, co_window_2corner, co_window_paths_d,
          glass_columns_b, glass_columns_a, glass_columns_b, glass_columns_a,
          glass_columns_b, serial_shops, shop

Skill      XL: |  1  2  3 |
---------------+----------+-----
Dodging        | 3 |  3.0
Armour         | 1 |  1.0
Unarmed Combat | 4 |  4.0
Fighting       | |  3.9
Stealth        | |  2.1

Action                   || total
-------------------------++-------
Melee: Unarmed           ||   137
       Punch             ||     1
Armor: Ring mail         ||    41
Dodge: Dodged            ||    83

Table legend: (Time is in decaauts)
 A = Elapsed time spent in this place.
 B = Non-inter-level travel time spent in this place.
 C = Inter-level travel time spent in this place.
 D = Time resting spent in this place.
 E = Time spent auto-exploring this place.
 F = Levels seen in this place.
 G = Mean time per level.
                   A        B        C        D        E       F      G
               +--------+--------+--------+--------+--------+-----+--------+
         Total |   2082 |   2011 |     71 |      0 |   1674 |   3 |  694.0 |
       Dungeon |   2082 |   2011 |     71 |      0 |   1674 |   3 |  694.0 |
               +--------+--------+--------+--------+--------+-----+--------+

Top non-repeatable levels by time:
     D:1: 1142 daAuts
     D:2: 758 daAuts
     D:3: 181 daAuts
